Map: Croisement de Kairos EC

Players

Spoke

  • Race: Zerg Zerg
  • League: Master
  • Spawn Location: 11:00

zuka - Winner!

  • Race: Protoss Protoss
  • League: Master
  • Spawn Location: 5:00

VOD

Have the link to the VOD?

Description

Time

  • Played on: April 8, 2019, 12:01 p.m.
  • Length: 5:32
Show
View Real Time Build Order
Export as new Build Order

Spoke Zerg 

Build Orders: Hatch First 

Get SALT Encoding   

  12  0:03  Drone  
  13  0:12  Overlord  
  13  0:19  Drone  
  14  0:31  Drone x2  
  16  0:36  Drone  
  17  0:58  Drone  
  17  0:59  Drone, Hatchery  
  18  1:14  Extractor  
  18  1:16  Spawning Pool  
  16  1:28  Drone x2  
  16  1:30  Drone  
  19  1:40  Overlord  
  19  2:06  Queen  
  19  2:08  Drone x2  
  23  2:11  Drone  
  24  2:16  Metabolic Boost  
  24  2:18  Drone  
  25  2:23  Drone  
  25  2:24  Drone  
  27  2:39  Hatchery  
  27  2:42  Drone x2  
  28  2:48  Queen  
  30  2:55  Overlord  
  30  3:02  Overlord  
  30  3:13  Queen  
  30  3:16  Drone  
  30  3:18  Zergling x6  
  36  3:22  Drone x5  
  41  3:29  Drone  
  41  3:31  Overlord  
  42  3:41  Drone  
  43  3:47  Overlord  
  43  3:49  Queen  
  43  3:50  Drone  
  46  3:57  Drone x4  
  46  3:58  Drone  
  50  4:05  Drone, Roach Warren  
  50  4:06  Queen, Drone  
  53  4:13  Spore Crawler  
  53  4:15  Spore Crawler  
  51  4:17  Spore Crawler, Drone  
  51  4:18  Drone  
  52  4:26  Extractor  
  51  4:33  Overlord, Drone x3  
  51  4:34  Overlord  
  54  4:45  Roach x5  
  66  4:53  Roach x3  
  66  4:57  Roach  
  68  5:05  Zergling x10  
  68  5:06  Zergling x6  
Show
View Real Time Build Order
Export as new Build Order

zuka Protoss - Winner!

Build Orders: 1 Gate Expand 

Get SALT Encoding   

  12  0:01  Probe  
  13  0:13  Probe  
  14  0:20  Pylon  
  14  0:22  Probe  
  15  0:34  Probe  
  15  0:40  Gateway  
  16  0:45  Probe  
  16  0:48  Assimilator  
  17  0:57  Probe  
  18  1:05  Probe  
  18  1:07  Pylon  
  19  1:13  Probe  
  20  1:29  Nexus  
  20  1:37  Cybernetics Core  
  20  1:40  Probe  
  20  1:46  Assimilator  
  21  1:52  Probe  
  22  1:59  Pylon  
  22  2:05  Probe  
  23  2:09  Stalker  
  23  2:15  Warp Gate  
  23  2:17  Probe  
  27  2:34  Probe  
  27  2:35  Twilight Council  
  27  2:39  Adept  
  27  2:41  Probe  
  30  2:46  Probe  
  30  2:51  Probe  
  31  2:52  Robotics Facility  
  32  2:59  Probe x2  
  32  3:04  Charge  
  36  3:22  Pylon  
  36  3:26  Gateway x2  
  34  3:34  Gateway  
  34  3:40  Gateway  
  34  3:43  Gateway  
  34  3:47  Gateway, Warp Prism  
  36  4:03  Zealot  
  36  4:09  Pylon x2  
  38  4:21  Zealot  
  38  4:22  Zealot  
  42  4:24  Zealot  
  44  4:42  Zealot x2  
  44  4:43  Zealot x4  
  56  4:48  Adept  
  58  5:04  Zealot  
  58  5:05  Zealot x4  
  58  5:06  Zealot  
  66  5:15  Zealot  
  68  5:27  Zealot x2  
Tags
 
Add a new tag
Caveats
  • Supply blocks, unpowered buildings, or Contaminate may cause inaccurate times.
  • Supply counts are checked every 10 seconds.